[Event "Snabbschacks-KM 2025"]
[Site "Linköping, Sweden"]
[Date "2025.05.06"]
[Round "3.1"]
[White "Stefanovic, Dragan 1958"]
[Black "Andersson, Mats 1960"]
[Result "1/2-1/2"]
[TimeControl "15 min + 5 sek"]
[BlackTitle "FM"]
[WhiteElo "1780"]
[BlackElo "2225"]

1. Nf3 g6 2. c4 Bg7 3. g3 d6 4. Bg2 e5 5. Nc3 Nc6 6. b3 f5 7. d3 Nf6 8. Bb2 O-O 9. O-O a6 10.
e3 e4 11. dxe4 Nxe4 12. Nd4 Nxc3 13. Bxc3 Nxd4 14. Bxd4 Qe7 15. Bxg7 Qxg7 16. Qd5+ Kh8 17. Rad1 Rb8 18. c5 Rd8 19.
cxd6 Rxd6 20. Qc4 Be6 21. Qb4 Rb6 22.
Qd4 Re8 23. Rd2 Qxd4 24. Rxd4 1/2-1/2

[Event "Snabbschacks-KM 2025"]
[Site "Linköping, Sweden"]
[Date "2025.05.06"]
[Round "3.2"]
[White "Olsson, Simon"]
[Black "Nyberg, Peter"]
[Result "1-0"]
[TimeControl "15 min + 5 sek"]
[WhiteElo "2048"]
[BlackElo "1984"]

1. d4 g6 2. e4 Bg7 3. f4 d6 4. Nf3 Nf6 5. e5 Ne4 6. Bd3 d5 7. Nbd2 Bf5 8. Qe2 Nxd2 9. Bxd2 Bxd3 10.
Qxd3 Qd7 11. O-O-O Nc6 12. h3 h5 13. Ng5 Bh6 14. e6 Qc8 15. Nxf7 1-0

[Event "Snabbschacks-KM 2025"]
[Site "Linköping, Sweden"]
[Date "2025.05.06"]
[Round "3.3"]
[White "Leijon, Noah"]
[Black "Rogoz, Vladyslav"]
[Result "*"]
[TimeControl "15 min + 5 sek"]
[WhiteElo "1621"]
[BlackElo "2108"]

1. e4 e5 2. Nf3 Nf6 3. Nc3 Bb4 4. d3 Nc6 5. a3 Bxc3+ 6. bxc3 d5 7. exd5 Nxd5 8. Bd2 O-O 9. Be2 Re8 10.
O-O Bf5 11. c4 Nb6 12. h3 h6 13. a4 a6 14. a5 Nd7 15. Bc3 Rb8 16. Qd2 Nc5 17. Nh2 Nd4 18. Bxd4 Qxd4 19. Bg4 Bxg4 20.
Nxg4 e4 21. Rad1 exd3 22. cxd3 Rbd8 23. Qb4 Rd6 24. Ne3 Rg6 25. Nf5 Qf4 26. Qxc5 Rg5 27. g4 Re5 28. Ne7+ Kh8 29. Qxc7 Rxg4+ 30. hxg4 Qxg4+ 31. Kh1 Rh5+ 32. Qh2 Qf3+ 33. Kg1 Rg5+ 34. Qg3 Rxg3+ 35. fxg3 Qxg3+ 36. Kh1 Qh3+ *

[Event "Snabbschacks-KM 2025"]
[Site "Linköping, Sweden"]
[Date "2025.05.06"]
[Round "3.4"]
[White "Varro, Daniel"]
[Black "Thornqvist, Ofelia"]
[Result "0-1"]
[TimeControl "15 min + 5 sek"]
[WhiteElo "1906"]
[BlackElo "1881"]

1. e4 e6 2. d4 d5 3.
exd5 Qxd5 4. Nc3 Bb4 5. Nf3 Nf6 6. Bd2 Bxc3 7. Bxc3 O-O 8. Bd3 b6 9. Qe2 Bb7 10. Bb4 c5 11. dxc5 bxc5 12.
Rd1 cxb4 13. Bxh7+ Nxh7 14. Rxd5 Bxd5 15. O-O Nc6 16. Rd1 Rfd8 17. Ne5 Nxe5 18. Qxe5 Bxa2 19. Rd6 Bd5 20. Rxd8+ Rxd8 21.
Qc7 Ra8 22. f3 a5 23. b3 Nf6 24. f4 Be4 25. h3 Nd5 26. Qb7 Nc3 27. Qd7 Bxc2 28. g4 Bxb3 29. g5 Bc2 30. h4 a4 31.
Qb7 Be4 32. Qxb4 Rc8 33. h5 Bd5 34. g6 fxg6 35. hxg6 a3 36. Qxa3 Ne2+ 37. Kf2 Nxf4 38. Qa4 Nxg6 39. Qd7 Rf8+ 40.
Ke2 Ne5 41. Qa7 Nf7 42. Qb6 Nh6 43. Kd3 Nf5 44. Ke2 g5 45. Qg1 Kf7 46. Qxg5 Rg8 47. Qh5+ Kf6 0-1

[Event "Snabbschacks-KM 2025"]
[Site "Linköping, Sweden"]
[Date "2025.05.06"]
[Round "3.5"]
[White "Larsson, Emma 2008"]
[Black "Wallenberg, Per"]
[Result "1-0"]
[TimeControl "15 min + 5 sek"]
[WhiteElo "1848"]
[BlackElo "1604"]

1. e4 c5 2. f4 d5 3. Bb5+ Nc6 4. Bxc6+ bxc6 5. d3 g6 6. Nf3 Bg7 7. O-O Nf6 8. e5 Nd7 9. Nc3 O-O 10.
Qe1 Nb6 11. a4 Bf5 12. a5 Nd7 13. Nh4 Be6 14. f5 Bxf5 15. Nxf5 gxf5 16. Rxf5 f6 17. e6 Ne5 18. Qh4 Qe8 19.
Ne2 Qg6 20. Qh3 Rab8 21. Ra4 Rb4 22. Rxb4 cxb4 23. d4 Nc4 24. Nf4 Qe8 25. Rh5 h6 26. Rxh6 Nd6 27. Ng6 Nf7 28. exf7+ Kxf7 29.
Nf4 Bxh6 30. Qxh6 Rh8 31. Qg6+ Kf8 32. Ne6# 1-0

[Event "Snabbschacks-KM 2025"]
[Site "Linköping, Sweden"]
[Date "2025.05.06"]
[Round "3.6"]
[White "Andersson, Albin"]
[Black "Martinelle, Christoffer"]
[Result "*"]
[TimeControl "15 min + 5 sek"]
[WhiteElo "1728"]
[BlackElo "1806"]

1. e4 c6 2. d4 d5 3. e5 Bf5 4. h4 h6 5. g4 Bh7 6. f4 e6 7. Nc3 Bb4 8. Bd3 Bxd3 9. Qxd3 Nd7 10.
Nf3 Ne7 11. Bd2 Qc7 12. a3 Bxc3 13. Qxc3 c5 14. O-O-O O-O-O 15. Be3 c4 16. Qe1 Kb8 17. Nd2 Rc8 18. Nb1 Nb6 19.
Nc3 Qc6 20. Rh3 Na4 21. Nxa4 Qxa4 22. Bd2 Rc6 23. Bb4 Nc8 24. f5 b6 25. fxe6 fxe6 26. Rf3 a5 27. Bc3 b5 28. Bxa5 Ra6 29.
Bb4 Ra7 30. Qf2 Qa6 31. Bc5 Rb7 32. Rf7 Qc6 33. Rxb7+ Qxb7 34. Rf1 c3 35. bxc3 g6 36. Qf6 Nb6 37. Qxh8+ Ka7 38. Rf8 Ka6 39. Bxb6 *

[Event "Snabbschacks-KM 2025"]
[Site "Linköping, Sweden"]
[Date "2025.05.06"]
[Round "3.7"]
[White "Gustafsson, Nils"]
[Black "Davidsson, Asker"]
[Result "*"]
[TimeControl "15 min + 5 sek"]
[WhiteElo "1861"]
[BlackElo "1796"]

1. e4 d5 2. exd5 Qxd5 3. Nc3 Qa5 4. Nf3 c6 5. d4 Nf6 6. Bc4 Bf5 7. O-O e6 8. Bf4 Bb4 9. Ne2 O-O 10.
c3 Be7 11. Ng3 Bg6 12. Ne5 Nbd7 13. Nxg6 hxg6 14. Qe2 Nd5 15. Bd2 Qc7 16. h3 N7f6 17. Ne4 Nxe4 18. Qxe4 Bd6 19. Rad1 Rfd8 20.
Qf3 b5 21. Bb3 a5 22. Bc2 Ne7 23. Be3 Nd5 24. Rfe1 Bf4 25. Bxf4 Qxf4 26. Qxf4 Nxf4 27. Kf1 a4 28. Re4 Nd5 29.
Rd3 b4 30. c4 Nf6 31. Re1 Rdb8 32. Bd1 a3 33. b3 Rd8 34.
Bf3 Rac8 35. Red1 Kf8 36. Ke2 Ke7 37. Ke3 Rd6 38.
d5 cxd5 39. cxd5 Nxd5+ 40. Bxd5 Rxd5 41.
Rxd5 exd5 42. Rxd5 Rc2 43. Rd2 Rxd2 44. Kxd2 Kd6 45. Ke3 Ke5 46. h4 f6 47. g4 g5 48. h5 Kd5 49.
Kd3 Ke5 50. Kc4 Kf4 51. Kxb4 Kxg4 52. Kxa3 Kf3 53. b4 Kxf2 54. b5 g4 55. b6 g3 56. b7 g2 57. b8=Q g1=Q *

[Event "Snabbschacks-KM 2025"]
[Site "Linköping, Sweden"]
[Date "2025.05.06"]
[Round "3.8"]
[White "Skytt, Klas"]
[Black "Andersson, Fredrik 1969"]
[Result "0-1"]
[TimeControl "15 min + 5 sek"]
[WhiteElo "1705"]
[BlackElo "1754"]

1. d4 d5 2. c4 e6 3. Nc3 Nf6 4. Bg5 c6 5. e3 Nbd7 6. Nf3 Qa5 7. Nd2 Bb4 8. Qc2 dxc4 9. Bxc4 Qxg5 10.
O-O O-O 11. Nf3 Qh6 12. Ne2 c5 13. a3 Ba5 14. dxc5 Bc7 15. b4 Ne5 16. Ned4 Nxc4 17. Qxc4 a6 18. h3 e5 19. Ne2 e4 20.
Nd2 Qg6 21. Rad1 Bxh3 22. Ng3 Bxg3 23. fxg3 Qxg3 24. Qe2 Ng4 25. Nf3 exf3 26. Rxf3 Qh2+ 27. Kf1 Qh1# 0-1

[Event "Snabbschacks-KM 2025"]
[Site "Linköping, Sweden"]
[Date "2025.05.06"]
[Round "3.10"]
[White "Zoupounidis, Christos"]
[Black "Larsson, Elin"]
[Result "*"]
[TimeControl "15 min + 5 sek"]
[WhiteElo "1604"]
[BlackElo "1783"]

1. e4 c5 2. Nf3 d6 3. Bb5+ Bd7 4. Bxd7+ Qxd7 5. d4 cxd4 6. Nxd4 Nf6 7. Nc3 g6 8. Be3 Bg7 9. Qd2 Nc6 10.
Nxc6 bxc6 11. f3 Rb8 12. Rb1 Qc7 13. h4 h5 14. Kf2 Qa5 15. Rhd1 Nd7 16. Bd4 Ne5 17. Kg3 c5 18. Bxe5 Bxe5+ 19. f4 Bd4 20. Nd5 Qxd2 21. Rxd2 e6 22. c3 exd5 23. cxd4 dxe4 24. dxc5 dxc5 25. Rd5 O-O 26. Rxc5 Rfe8 27.
b3 Rb7 28. f5 Rbe7 29. fxg6 fxg6 30. Rg5 Kh7 31. Kf2 Re5 32. Rxe5 Rxe5 33. Re1 Ra5 34. a4 Re5 35. Ke3 Kg7 36. Kd4 Re7 37. Rxe4 Rb7 38.
Re3 Rb4+ 39. Kc5 Rxh4 40. Re7+ Kf6 41. Rxa7 Rg4 42. Ra6+ Kf5 43. b4 Rxg2 44. b5 h4 45. b6 h3 46. b7 h2 47. b8=Q h1=Q 48. Ra5 Rc2+ 49. Kd6+ Kf6 50. Qf8 *